 Dungeon Crawl Stone Soup version 0.23.0-3-gf3c87f2 (webtiles) character file.

Game seed: 5606231029555254086

1397 Irenicus the Cleaver (level 8, -12/68 HPs)
             Began as a Deep Dwarf Monk on Feb 23, 2019.
             Was a Believer of Makhleb.
             Mangled by an orc warrior
             ... wielding a +0 war axe
              (22 damage)
             ... on level 6 of the Dungeon.
             The game lasted 00:18:08 (2424 turns).

Irenicus the Cleaver (Deep Dwarf Monk)              Turns: 2424, Time: 00:18:09

Health: -12/68     AC:  9    Str: 19    XL:     8   Next: 41%
Magic:  9/9        EV: 13    Int: 11    God:    Makhleb [**....]
Gold:   193        SH:  0    Dex: 17    Spells: 5/7 levels left

rFire    . . .     SeeInvis .   s - +1 war axe (flame)
rCold    . . .     Gourm    .   (no shield)
rNeg     . . .     Faith    .   f - +0 leather armour
rPois    +         Spirit   .   n - +1 helmet
rElec    .         Reflect  .   h - +1 cloak {rPois}
rCorr    .         Harm     .   (no gloves)
MR       +....                  (no boots)
Stlth    ++........             p - amulet of rage {+Rage, !d}
HPRegen  0.00/turn              q - +4 ring of strength
MPRegen  0.11/turn              k - ring of poison resistance {rPois, !d}

@: berserk cooldown, non-regenerating
A: damage resistance, heal wounds, yellow scales 1, mutation resistance 1, sense
surroundings 1, no regeneration
a: Heal Wounds, Minor Destruction, Renounce Religion, Evoke Berserk Rage


You were on level 6 of the Dungeon.
You worshipped Makhleb.
Makhleb was pleased with you.
You were not hungry.

You visited 2 branches of the dungeon, and saw 7 of its levels.
You also visited: Sewer.

You collected 193 gold pieces.

Inventory:

Hand Weapons
 s - a +1 war axe of flaming (weapon)
   (You found it on level 5 of the Dungeon)
Armour
 f - a +0 leather armour (worn)
   (You found it on level 3 of the Dungeon)
 h - a +1 cloak of poison resistance (worn)
   (You took it off Crazy Yiuf on level 5 of the Dungeon)
 n - a +1 helmet (worn)
   (You found it on level 4 of the Dungeon)
Jewellery
 j - an uncursed ring of flight {+Fly, !d}
   (You found it on level 2 of the Dungeon)
 k - a ring of poison resistance (right hand) {rPois, !d}
   (You found it on level 2 of the Dungeon)
 p - an amulet of rage (around neck) {+Rage, !d}
   (You found it on level 4 of the Dungeon)
 q - a +4 ring of strength (left hand)
   (You found it on level 4 of the Dungeon)
Wands
 w - a wand of random effects (15)
   (You took it off Edmund on level 6 of the Dungeon)
 x - a wand of digging (1)
   (You took it off Pikel on level 5 of the Dungeon)
Scrolls
 b - a scroll of vulnerability {unknown}
 e - 2 scrolls of identify
 i - a scroll of remove curse
 o - 3 scrolls of enchant weapon {unknown}
 r - 2 scrolls of teleportation {unknown}
 u - a scroll of random uselessness {unknown}
 y - a scroll of fog {unknown}
Potions
 d - a potion of heal wounds
 g - a potion of agility
 l - a potion of lignification {!q}
 m - 4 potions of flight
 t - a potion of curing
 v - a potion of resistance
Comestibles
 a - a chunk of flesh {@w0}
 c - 10 rations


   Skills:
 - Level 2.6 Fighting
 + Level 11.3 Axes
 - Level 3.2 Dodging
 - Level 2.4 Stealth
 - Level 3.1 Evocations


You had 5 spell levels left.
You knew the following spells:

 Your Spells              Type           Power        Failure   Level  Hunger
b - Blink                 Tloc           N/A          54%         2    ###....

Your spell library contained the following spells:

 Spells                   Type           Power        Failure   Level  Hunger
 Magic Dart               Conj           #...         38%         1    ##.....
 Call Imp                 Summ           #.......     54%         2    ###....
 Slow                     Hex            #.......     54%         2    ###....
 Conjure Flame            Conj/Fire      #.......     77%         3    ####...
 Mephitic Cloud           Conj/Pois/Air  #.......     77%         3    ####...


Dungeon Overview and Level Annotations

Branches:
Dungeon (6/15)             Temple (1/1) D:5

Altars:
Ashenzari
Cheibriados
Elyvilon
Fedhas
Gozag
Hepliaklqana
Makhleb
Nemelex Xobeh
Okawaru
Qazlal
Ru
Sif Muna
Trog
Uskayaw
Vehumet
Wu Jian
Xom
Yredelemnul
Zin
The Shining One


Innate Abilities, Weirdness & Mutations

You are resistant to damage.
You can heal yourself by infusing magical energy.
You passively map a small area around you.
You do not regenerate.
You are partially covered in yellow scales. (AC +2)
You are somewhat resistant to further mutation.


Message History

The bullfrog closely misses you.
Edmund hits you with a +1 flail of protection!
The bullfrog hits you but does no damage.
You now have 49/102 hp.
You closely miss the bullfrog. You hit Edmund but do no damage.
You slash the bullfrog! You burn the bullfrog. The bullfrog closely misses you.
The bullfrog hits you.
You closely miss the bullfrog. You hit Edmund but do no damage.
You slash the bullfrog! You burn the bullfrog. The bullfrog misses you.
Edmund barely misses you.
The bullfrog swells and bulges.
The bullfrog barely misses you.
You slice the bullfrog!! You burn the bullfrog.
You kill the bullfrog!
Makhleb accepts your kill.
You feel better.
You miss the bullfrog. You slash Edmund! You burn Edmund.
The bullfrog barely misses you.
You regained 5 hp, and now have 54/102 hp.
You barely miss Edmund. You slash the bullfrog! You burn the bullfrog.
You kill the bullfrog!
Makhleb accepts your kill.
You feel better.
Your Axes skill increases to level 11!
Edmund hits you with a +1 flail of protection.
You regained 4 hp, and now have 58/102 hp.
You barely miss Edmund. You slash Edmund! You burn Edmund.
Edmund says, "People think my brother is the best.
I think he's crazy."
Edmund hits you but does no damage.
You completely miss Edmund. You barely miss Edmund.
Edmund hits you with a +1 flail of protection.
You slash Edmund! You burn Edmund.
You kill Edmund!
Makhleb accepts your kill.
You feel better.
You slash the orc! You burn the orc.
You kill the orc!
Makhleb accepts your kill.
You regained 4 hp, and now have 62/102 hp.
You see here a bullfrog corpse.
You butcher the bullfrog corpse.
You feel a strong urge to attack something.
a - 3 chunks of flesh {@w0} You see here a bullfrog skeleton.
Eating one of 3 chunks of flesh {@w0}.
You eat one of the 3 chunks of flesh {@w0}.
You are feeling very hungry.
You are no longer berserk.
You are exhausted.
You feel yourself slow down.
You now have 41/68 hp.
Eating one of 2 chunks of flesh {@w0}.
You eat one of the 2 chunks of flesh {@w0}.
Found a stone staircase leading up.
Things that are here:
a +0 flail; an orc corpse
Items here: ) / [ † a +1 flail of protection; a +0 chain mail; a wand of random effects (15) the human corpse of Edmund
w - a wand of random effects (15)
An orc warrior comes into view. It is wielding a +0 war axe.
You open the door.
Found 7 gold pieces.
Found a stone staircase leading down.
There is an open door here.
You see here a wand of polymorph (7).
An orc priest comes into view. It is wielding a +0 flail.
The orc priest moves out of view.
You feel yourself speed up.
The orc priest shouts!
You hear a shout!
The orc priest looks braver for a moment.
You completely miss the orc warrior. You slice the orc warrior!!
You burn the orc warrior! The orc warrior closely misses you.
You closely miss the orc warrior.
The orc priest calls upon Beogh to heal the orc warrior.
The orc warrior is healed somewhat.
The orc warrior hits you with a +0 war axe.
You take 3 damage, and have 38/68 hp.
You hit the orc warrior. You burn the orc warrior.
An orc priest opens the door.
The orc warrior hits you with a +0 war axe.
You take 3 damage, and have 35/68 hp.
You hit the orc warrior but do no damage.
You hit the orc warrior but do no damage.
The orc warrior hits you with a +0 war axe.
The orc priest calls down the wrath of Beogh upon you.
Beogh smites you!
* * * LOW HITPOINT WARNING * * *
You take 16 damage, and have 19/68 hp.
MASSIVE DAMAGE!!
You closely miss the orc warrior.
The orc warrior hits you with a +0 war axe.
* * * LOW HITPOINT WARNING * * *
You take 1 damage, and have 18/68 hp.
You completely miss the orc warrior. You slash the orc priest!
You burn the orc priest.
The orc priest invokes the aid of Beogh against you.
Pain shoots through your body!
* * * LOW HITPOINT WARNING * * *
The orc warrior hits you with a +0 war axe!!
You die...

.. #....#..#.# ,
..#####'###..#/# *
...............# * ,
............<..## * ,
#....^..........#
#...............# * * *
#......[........# ,
#...............########
#.............'o@.......
#....).........o.#######
#...o)........#..# +
..............#... ,
..##............... ,, ,
..##................ , ,
..##................ ,
..###............... *
..# #........


You could see an orc warrior and an orc priest.

Vanquished Creatures
  Pikel (D:5)
  Edmund (D:6)
  2 slaves (D:5)
  An ogre (D:2)
  A phantom (D:4)
  Blork the orc (D:5)
  A big kobold (Sewer)
  2 bullfrogs (D:6)
  A bullfrog zombie (D:5)
  A jelly (D:5)
  2 bullfrog skeletons
  Crazy Yiuf (D:5)
  An iguana (D:5)
  Terence (D:3)
  2 worker ants
  A gnoll (D:1)
  5 adders
  A river rat (Sewer)
  An ooze (D:4)
  An adder skeleton (D:4)
  2 worms (D:2)
  A dart slug (D:1)
  2 leopard geckos
  3 orcs
  4 ball pythons
  8 giant cockroaches
  7 goblins
  8 hobgoblins
  2 jackals (Sewer)
  10 kobolds
  3 quokkas
  3 bats
  3 frilled lizards
  A jackal skeleton (D:4)
  2 leopard gecko skeletons
  A quokka zombie (D:5)
  10 rats
98 creatures vanquished.

Notes
Turn   | Place    | Note
-------+----------+-------------------------------------------
     0 | D:1      | Irenicus the Deep Dwarf Monk began the quest for the Orb.
     0 | D:1      | Reached XP level 1. HP: 20/20 MP: 1/1
   192 | D:1      | HP: 5/20 [gnoll/+0 spear (5)]
   193 | D:1      | Reached skill level 4 in Axes
   193 | D:1      | Reached XP level 2. HP: 6/27 MP: 2/2
   321 | D:1      | Reached XP level 3. HP: 26/33 MP: 3/3
   457 | D:2      | Reached skill level 5 in Axes
   586 | D:2      | HP: 7/33 [bullfrog skeleton (2)]
   599 | D:2      | Reached XP level 4. HP: 21/40 MP: 3/3
   630 | D:2      | Irenicus: ?? deep dwarf
   630 | D:2      | beem: deep dwarf[1/4]: Great apts including armour,
                  | dodging, stealth, necromancy, earth magic, and über AC-like
                  | damage shaving. They don't heal, at all -- except by an act
                  | of god, potions, wands, vampiric weapons or necromancy.
                  | They start with one level of passive mapping (and gain
                  | another level at xl 9 and xl 18), and gain rN+ at xl 14.
   630 | D:2      | Irenicus: ?? deep dwarf 2
   630 | D:2      | beem: I don't have a page labeled deep_dwarf_2 in my
                  | learndb.
   630 | D:2      | Irenicus: ?? deep dwarf [2
   630 | D:2      | beem: deep dwarf[2/4]: Damage shaved = 1d(1+1d(1+XL/3)).
                  | Damage shaving affects just about everything, including
                  | poison and torment, and even damnation!
   630 | D:2      | Irenicus: ?? deep dwarf [3
   630 | D:2      | beem: regeneration[5/8]: If a character cannot regenerate
                  | passively (this means DD or bloodless Vp or any character
                  | with slow healing 3), items or spells that increase
                  | regeneration rate won't help. Trog's Hand and potions of
                  | ambrosia will, though!
   630 | D:2      | Irenicus: ?? deep dwarf [4
   630 | D:2      | beem: dd guide[1/1]: Worship Makhleb. Use the wand of heal
                  | wounds to heal. If it runs low on charges, recharge it. In
                  | 0.20, use the self-heal ability to heal instead of the
                  | wand.
   725 | D:2      | HP: 3/40 [worm (10)]
   739 | D:2      | HP: 10/40 [worm (6)]
   741 | D:2      | HP: 1/40 [worm (9)]
   779 | D:2      | Noticed an ogre
   790 | D:2      | Gained mutation: You are partially covered in yellow
                  | scales. (AC +2) [potion of mutation]
   790 | D:2      | Gained mutation: You are somewhat resistant to further
                  | mutation. [potion of mutation]
   796 | D:2      | HP: 7/40 [ogre/+0 giant club (18)]
   806 | D:2      | Killed an ogre
   806 | D:2      | Reached skill level 6 in Axes
   806 | D:2      | Reached XP level 5. HP: 26/46 MP: 4/4
  1137 | D:3      | Reached skill level 7 in Axes
  1204 | D:3      | Noticed Terence
  1231 | D:3      | Killed Terence
  1455 | D:4      | Found a glowing drain.
  1459 | Sewer    | Entered a sewer
  1484 | Sewer    | Reached XP level 6. HP: 24/55 MP: 5/5
  1554 | Sewer    | Reached skill level 1 in Evocations
  1568 | Sewer    | Reached skill level 2 in Evocations
  1581 | Sewer    | Found a white marble altar of Elyvilon.
  1729 | D:5      | Entered Level 5 of the Dungeon
  1817 | D:5      | HP: 12/55 [acid (4)]
  1822 | D:5      | Reached skill level 3 in Evocations
  1865 | D:4      | Learned a level 2 spell: Blink
  1880 | D:4      | Reached skill level 8 in Axes
  1908 | D:4      | Reached XP level 7. HP: 41/61 MP: 8/8
  2014 | D:5      | Noticed Pikel
  2026 | D:5      | Killed Pikel
  2026 | D:5      | Reached skill level 10 in Axes
  2026 | D:5      | Reached XP level 8. HP: 68/68 MP: 9/9
  2077 | D:5      | Noticed Blork the orc
  2086 | D:5      | Killed Blork the orc
  2160 | D:5      | Found a runed translucent door.
  2161 | D:5      | Noticed Crazy Yiuf
  2167 | D:5      | Killed Crazy Yiuf
  2222 | D:5      | Found a staircase to the Ecumenical Temple.
  2228 | Temple   | Entered the Ecumenical Temple
  2302 | Temple   | Became a worshipper of Makhleb the Destroyer
  2302 | Temple   | Reached * piety under Makhleb
  2302 | Temple   | Reached ** piety under Makhleb
  2368 | D:6      | Noticed Edmund
  2378 | D:6      | Reached skill level 11 in Axes
  2383 | D:6      | Killed Edmund
  2424 | D:6      | HP: 10/68 [orc priest/nerve-wracking pain (8)]
  2424 | D:6      | Mangled by an orc warrior

Skill      XL: |  1  2  3  4  5  6  7  8 |
---------------+-------------------------+-----
Axes           | 4 5 6 7 8 10 11 | 11.3
Evocations     | 3 |  3.1
Fighting       | |  2.6
Dodging        | |  3.2
Stealth        | |  2.4

Action                   |  1- 3 |  4- 6 |  7- 9 || total
-------------------------+-------+-------+-------++-------
Melee: Hand axe          |    85 |   251 |       ||   336
       War axe           |       |    15 |    44 ||    59
 Abil: Heal Wounds       |     2 |     4 |       ||     6
       Evoke Berserk Rag |       |     2 |     3 ||     5
  Use: Scroll            |     1 |     2 |       ||     3
       Potion            |       |    10 |     2 ||    12
 Stab: Sleeping          |     9 |     6 |       ||    15
  Eat: Chunk             |       |     5 |     5 ||    10
Armor: Robe              |     8 |     3 |       ||    11
       Leather armour    |       |    53 |     8 ||    61
       Skin              |       |       |     1 ||     1
Dodge: Dodged            |    53 |   180 |    22 ||   255

Levels and vault maps discovered:
D:1:      matt_arrival_refuge, layout_basic, minmay_pentomino_s2
D:2:      layout_loops_cross
D:3:      layout_rooms, serial_bayou_pond_d, uniq_terence
D:4:      layout_basic, first_ration, gup_sewer_entry_bowl, serial_glass,
          glass_columns_b, glass_columns_c
D:5:      layout_loops_ring, minmay_temple_entry_enclosed_plants,
          uniq_blork_the_orc, uniq_pikel, uniq_crazy_yiuf_cottage
D:6:      layout_basic, nicolae_dithmenos_the_darkroom, minmay_mini_ossuary,
          uniq_prince_ribbit1, uniq_edmund
Temple:   roderic_octagonal_lattice_temple
Sewer:    sewer_kobolds

Table legend:
 A = Turns spent in this place as a percentage of turns spent in the entire game.
 B = Non-inter-level travel turns spent in this place as a percentage of non-inter-level travel turns spent in the entire game.
 C = Inter-level travel turns spent in this place as a percentage of turns spent in this place.
 D = Turns resting spent in this place as a percentage of non-inter-level travel turns spent in this place.
 E = Turns spent auto-exploring this place as a percentage of non-inter-level travel turns spent in this place.
 F = Non-inter-level travel turns spent in this place divided by the number of levels of this place that you've seen.
                   A       B       C       D       E      F
               +-------+-------+-------+-------+-------+----------------------
         Total | 100.0 | 100.0 |   2.2 |   0.0 |   0.0 | 296.4
       Dungeon |  89.0 |  88.7 |   2.5 |   0.0 |   0.0 | 350.7
        Temple |   4.5 |   4.6 |   0.0 |   0.0 |   0.0 | 109.0
         Sewer |   6.5 |   6.7 |   0.0 |   0.0 |   0.0 | 158.0
               +-------+-------+-------+-------+-------+----------------------

Table legend:
 A = Kills in this place as a percentage of kills in entire the game.
 B = Kills by you in this place as a percentage of kills by you in the entire game.
 C = Kills by friends in this place as a percentage of kills by friends in the entire game.
 D = Other kills in this place as a percentage of other kills in the entire game.
 E = Experience gained in this place as a percentage of experience gained in the entire game.
 F = Experience gained in this place divided by the number of levels of this place that you have seen.
                   A       B       C       D       E      F
               +-------+-------+-------+-------+-------+----------------------
         Total | 100.0 | 100.0 |   N/A |   N/A | 100.0 | 249.5
       Dungeon |  89.6 |  89.6 |   N/A |   N/A |  94.2 | 313.5
         Sewer |  10.4 |  10.4 |   N/A |   N/A |   5.8 | 115.0
               +-------+-------+-------+-------+-------+----------------------
